 Dungeon Crawl Stone Soup version 0.22-a0-611-g46e8f3c735 (webtiles) character file.

235138 Jannitor the Unseen (level 18, -4/100 HPs)
             Began as a Spriggan Berserker on July 11, 2018.
             Was a High Priest of Trog.
             Hit by a large rock thrown by a stone giant (52 damage)
             ... on level 2 of the Vaults.
             The game lasted 02:23:55 (56080 turns).

Jannitor the Unseen (Spriggan Berserker)           Turns: 56080, Time: 02:23:55

Health: -4/100     AC: 16    Str: 18    XL:     18   Next: 90%
Magic:  9/9        EV: 28    Int: 11    God:    Trog [*****.]
Gold:   2835       SH:  9    Dex: 19    Spells: 17/17 levels left

rFire    + + .     SeeInvis +   a - +4 rapier (antimagic)
rCold    . . .     Gourm    .   j - +1 buckler
rNeg     . . .     Faith    .   w - +0 fire dragon scales
rPois    +         Spirit   .   v - +1 hat {MR+}
rElec    +         Reflect  .   S - +2 cloak {rPois}
rCorr    .         Harm     .   (gloves unavailable)
MR       ++++.                  (boots unavailable)
Stlth    +++++++...             Z - amulet of regeneration
HPRegen  0.66/turn              W - ring "Vuuqeass" {rElec MP+9 Str+3 Stlth+}
MPRegen  0.11/turn              H - ring of protection from cold

@: very quick
A: very small, unfitting armour, see invisible, herbivore, speed 3, slow
metabolism 2
}: 1/15 runes: decaying
a: Berserk, Trog's Hand, Brothers in Arms, Renounce Religion


You were on level 2 of the Vaults.
You worshipped Trog.
Trog was extremely pleased with you.
You were not hungry.

You visited 7 branches of the dungeon, and saw 34 of its levels.
You also visited: Sewer and Ice Cave.

You collected 3854 gold pieces.
You spent 1019 gold pieces at shops.

Inventory:

Hand Weapons
 a - a +4 antimagic rapier (weapon)
 b - a +2 blowgun
 G - a +4 antimagic demon blade
Missiles
 q - 24 needles of sleeping
 z - 22 needles of confusion
 C - 4 throwing nets (quivered)
 X - 9 tomahawks of dispersal
 Y - 22 curare-tipped needles
Armour
 i - +0 ice dragon scales
 j - a +1 buckler (worn)
 n - a scarf of repulsion
 v - a +1 hat of magic resistance (worn)
 w - +0 fire dragon scales (worn)
 S - a +2 cloak of poison resistance (worn)
 V - a +0 troll leather armour
Jewellery
 B - an uncursed ring of resist corrosion
 F - an uncursed ring of protection from fire
 H - a ring of protection from cold (right hand)
 W - the ring "Vuuqeass" (left hand) {rElec MP+9 Str+3 Stlth+}
   (You took it off an orc on level 13 of the Dungeon)

   [ring of magical power]

   It affects your strength (+3).
   It insulates you from electricity.
   It affects your magic capacity (+9).
   It makes you more stealthy.
 Z - an amulet of regeneration (around neck)
Wands
 k - a wand of enslavement (14)
 t - a wand of polymorph (53)
 x - a wand of acid (22)
 I - a wand of clouds (5)
 L - a wand of paralysis (37)
 N - a wand of iceblast (26)
 P - a wand of flame (120)
 R - a wand of digging (30)
Scrolls
 e - 3 scrolls of summoning
 r - 9 scrolls of teleportation
 y - a scroll of fog
 A - 8 scrolls of identify
 D - 5 scrolls of remove curse
 J - 3 scrolls of blinking
 K - a scroll of brand weapon
 O - 5 scrolls of fear
 U - 3 scrolls of magic mapping
Potions
 d - 16 potions of curing
 f - 5 potions of lignification
 g - 3 potions of cancellation
 h - 4 potions of brilliance
 l - 4 potions of berserk rage
 m - 5 potions of ambrosia
 o - 3 potions of heal wounds
 p - 3 potions of agility
 s - 8 potions of flight
 u - 5 potions of might
 E - 7 potions of haste
 M - 2 potions of mutation
 Q - 3 potions of resistance
 T - 3 potions of magic
Comestibles
 c - 11 rations


   Skills:
 + Level 13.3 Fighting
 - Level 14.1 Short Blades
 * Level 15.8 Throwing
 * Level 11.1 Armour
 - Level 16.1 Dodging
 - Level 18.7 Stealth
 - Level 7.2 Shields


You had 17 spell levels left.
You didn't know any spells.
Your spell library was empty.

Dungeon Overview and Level Annotations

Branches:
Dungeon (15/15)            Temple (1/1) D:6            Lair (6/6) D:11
  Swamp (4/4) Lair:4        Snake (4/4) Lair:2        Slime (0/5) Lair:5
    Orc (2/2) D:9             Elf (0/3) Orc:2        Vaults (2/5) D:14
 Depths (0/5) D:15
  Crypt: Vaults:2-3

Altars:
Ashenzari
Cheibriados
Dithmenos
Elyvilon
Fedhas
Gozag
Hepliaklqana
Kikubaaqudgha
Makhleb
Nemelex Xobeh
Okawaru
Qazlal
Ru
Sif Muna
Trog
Uskayaw
Vehumet
Wu Jian
Xom
Yredelemnul
Zin
The Shining One
Beogh
Jiyva

Shops:
Orc:1 *   Orc:2 =%?[   Vaults:1 :

Annotations:
Lair:6 exclusion: oklob plant
Swamp:4 exclusion: swamp worm


Innate Abilities, Weirdness & Mutations

You are very small and have problems with some larger weapons.
You are too small for most types of armour.
You have supernaturally acute eyesight. (SInv)
You are a herbivore.
You cover ground extremely quickly.
You need to consume almost no food.


Message History

No target in view!
Things that are here:
+0 acid dragon scales; an acid dragon corpse You open the door.
Found an escape hatch in the ceiling.
A stone giant comes into view.
There is an open door here.
A stone giant is nearby!
The stone giant shouts!
The stone giant throws a large rock.
The large rock hits you!!!
You see here a large rock.
You hit the stone giant.
The stone giant is lightly wounded.
The stone giant hits you!!!
* * * LOW HITPOINT WARNING * * *
You are too injured to fight recklessly!
You feel much better. The stone giant misses you.
The stone giant throws a large rock.
The large rock hits you!!!
Ouch! That really hurt!
You die...

...... .....#
....# ...# #..#
#..########
#..#.<....#
#..'.@....#
#..#...C..#
#..#......#
#..#......#
#..#......#
#[.########
######+#####..#
..........#...#
..........#...#


You could see a stone giant.

Vanquished Creatures
  Vashnia (Snake:4)
  Frances (D:13)
  A thorn hunter (Swamp:3)
  Kirke (Snake:4)
  4 nagarajas (Snake:4)
  Donald (Snake:3)
  2 vault wardens (Vaults:1)
  An orc warlord (Orc:1)
  2 ironheart preservers (Vaults:1)
  A very ugly thing (Swamp:1)
  The ghost of Mictavius the Spear-Bearer, a journeyman MfSk of Okawaru (Lair:5)
  The ghost of MummyMadness the Thaumaturge, a journeyman GnSk of Hepliaklqana (Lair:4)
  A death ooze (Lair:4)
  3 fire dragons (Vaults:1)
  3 yaktaur captains (Vaults:1)
  A great orb of eyes (Vaults:1)
  A rakshasa (D:15)
  Erolcha (D:11)
  21 hydras
  Harold (D:11)
  12 naga warriors
  2 vault guards (Vaults:1)
  2 ice dragons
  5 centaur warriors
  15 anacondas
  5 catoblepae
  A ghost crab (Swamp:3)
  The ghost of Fandomethor the Cleaver, a novice DDFi of Makhleb (D:9)
  9 death yaks
  2 ogre magi (D:15)
  11 alligators
  A death knight (D:14)
  9 two-headed ogres
  5 shock serpents
  11 naga sharpshooters
  An orc high priest (Orc:2)
  Sonja (D:12)
  3 deep elf knights (Vaults:2)
  Urug (D:12)
  Nergalle (D:10)
  7 naga ritualists
  4 unseen horrors
  6 skeletal warriors
  A wizard (Vaults:1)
  5 sea snakes (Snake:4)
  9 swamp dragons (Swamp:4)
  5 orc knights
  A tengu zombie (Vaults:2)
  A deep elf archer (Vaults:2)
  A glowing orange brain (D:15)
  Pikel (D:5)
  A wolf spider (Vaults:1)
  6 ugly things
  7 orc sorcerers
  4 deep elf magi
  A necromancer (Vaults:2)
  10 mana vipers
  9 cyclopes
  3 salamanders
  2 manticores
  17 elephants
  A black mamba (shapeshifter) (D:15)
  10 guardian serpents
  14 naga magi
  The ghost of Fandomethor the Skirmisher, a novice MiFi of Makhleb (D:5)
  2 ice statues (IceCv)
  A torpor snail (Lair:5)
  Psyche (D:10)
  A torpor snail (shapeshifter) (D:15)
  A gargoyle (D:15)
  28 black mambas
  10 vault sentinels (Vaults:1)
  10 spiny frogs
  A kobold demonologist (D:14)
  3 komodo dragons
  11 yaktaurs (Vaults:1)
  2 rime drakes
  8 ice devils (IceCv)
  2 freezing wraiths (Vaults:1)
  5 polar bears
  2 jumping spiders (shapeshifter)
  8 trolls
  A wind drake (shapeshifter) (D:15)
  11 tyrant leeches
  2 hornets
  2 bog bodies
  Prince Ribbit (D:5)
  23 blink frogs
  5 dream sheep
  30 slime creatures
  11 hippogriffs
  A frost giant simulacrum (Vaults:2)
  A meliai zombie (D:11)
  Sigmund (D:3)
  73 yaks
  A spriggan (Swamp:3)
  2 water elementals (D:14)
  5 shadows
  A human (shapeshifter) (D:15)
  5 wyverns
  A yak (shapeshifter) (Vaults:1)
  Grum (D:10)
  A basilisk (shapeshifter) (Vaults:1)
  3 basilisks
  A hog (Snake:4)
  2 hungry ghosts
  18 vampire mosquitoes
  14 humans (D:14)
  5 insubstantial wisps (Swamp:2)
  The ghost of Mictavius the Chucker, an amateur TeHu of Xom (D:3)
  A soldier ant (D:12)
  13 water moccasins
  3 wargs
  3 acid dragons
  39 nagas
  A swamp worm (shapeshifter) (D:14)
  13 swamp worms
  2 porcupines
  A slave (D:5)
  7 ice beasts
  5 sky beasts
  8 swamp drakes
  7 black bears (Lair:1)
  44 orc warriors
  5 boggarts
  25 ogres
  4 wolves
  A phantom (D:14)
  A boggart (shapeshifter) (D:11)
  12 centaurs
  11 crocodiles
  14 big kobolds
  A big kobold (shapeshifter) (D:15)
  2 human zombies (Vaults:2)
  20 bullfrogs
  A wyvern zombie (D:6)
  4 scorpions
  19 killer bees
  9 wights
  5 howler monkeys
  8 electric eels
  A bullfrog zombie (D:12)
  9 crimson imps
  4 centaur zombies
  A quasit (D:8)
  9 jellies
  47 orc wizards
  4 hounds
  5 bullfrog skeletons
  5 centaur skeletons
  29 orc priests
  An iron imp (D:9)
  5 iguanas
  6 worker ants
  2 worker ant zombies
  Robin (D:3)
  3 gnolls (D:9)
  11 adders
  A river rat (D:10)
  5 shadow imps
  7 white imps (IceCv)
  6 ufetubi (IceCv)
  3 oozes
  An adder skeleton (D:9)
  4 worms
  2 dart slugs
  8 leopard geckos
  112 orcs
  2 ball pythons
  8 bats
  9 giant cockroaches
  17 goblins
  15 hobgoblins
  12 jackals
  6 quokkas
  A ball python skeleton (D:3)
  6 frilled lizards
  A jackal zombie (D:5)
  31 kobolds
  A quokka zombie (D:7)
  9 rats
  A fungus (Lair:6)
1293 creatures vanquished.

Vanquished Creatures (collateral kills)
  the Lernaean hydra (Swamp:4)
  Rupert (D:14)
  Gastronok (D:11)
  A nagaraja (Snake:4)
  A reaper (IceCv)
  The ghost of Ycojonko the Fighter, a journeyman GnWn of Xom (D:13)
  A death yak (Lair:6)
  2 skeletal warriors
  A naga ritualist (Snake:4)
  An orc knight (D:14)
  A cyclops (D:14)
  A manticore (Lair:6)
  A salamander (Snake:2)
  A guardian serpent (Snake:2)
  2 naga magi
  An ice devil (IceCv)
  4 slime creatures (D:14)
  3 dream sheep (Lair:5)
  A yak (Lair:6)
  2 humans (D:14)
  2 nagas (Snake:4)
  A swamp drake (Swamp:4)
  An iguana (D:14)
  An orc (D:14)
33 creatures vanquished.

Vanquished Creatures (others)
  A human (Snake:4)
  Menkaure (D:5)
  A gnoll (D:9)
  An adder (D:5)
  3 white imps (IceCv)
  3 ufetubi (IceCv)
  An orc (D:3)
  A hobgoblin (D:3)
  2 briar patches (Swamp:3)
  A bush (Lair:4)
  21 fungi
  22 plants
  2 withered plants (D:9)
60 creatures vanquished.

Grand Total: 1386 creatures vanquished

Notes
Turn   | Place    | Note
-------+----------+-------------------------------------------
     0 | D:1      | Jannitor the Spriggan Berserker began the quest for the Orb.
     0 | D:1      | Reached XP level 1. HP: 11/11 MP: 2/2
   260 | D:1      | Reached skill level 1 in Stealth
   260 | D:1      | Reached XP level 2. HP: 10/16 MP: 3/3
   855 | D:1      | Reached ** piety under Trog
   855 | D:1      | Reached skill level 1 in Throwing
   855 | D:1      | Reached XP level 3. HP: 16/19 MP: 4/4
  1058 | D:1      | Reached skill level 2 in Stealth
  1409 | D:1      | Reached skill level 5 in Dodging
  1730 | D:2      | Reached XP level 4. HP: 23/23 MP: 5/5
  2431 | D:3      | Reached *** piety under Trog
  2732 | D:3      | Reached XP level 5. HP: 17/28 MP: 6/6
  2913 | D:3      | Found a blossoming altar of Fedhas.
  3086 | D:3      | Noticed Robin
  3130 | D:3      | Killed Robin
  3130 | D:3      | Reached skill level 3 in Stealth
  3474 | D:3      | Found a shattered altar of Ashenzari.
  3477 | D:3      | Found an ancient bone altar of Kikubaaqudgha.
  3477 | D:3      | Noticed Sigmund
  3496 | D:3      | Killed Sigmund
  3496 | D:3      | Reached skill level 1 in Shields
  3496 | D:3      | Reached XP level 6. HP: 27/32 MP: 7/7
  3703 | D:3      | Reached skill level 4 in Stealth
  3925 | D:3      | Found a glowing golden altar of the Shining One.
  4100 | D:3      | Found a transporter.
  4100 | D:3      | Found a transporter.
  4101 | D:3      | Noticed Mictavius's ghost (amateur TeHu)
  4261 | D:3      | Found a sacrificial altar of Ru.
  4270 | D:3      | Reached **** piety under Trog
  4461 | D:4      | Reached XP level 7. HP: 13/36 MP: 8/8
  4525 | D:4      | Found a transporter.
  4783 | D:4      | Found a glowing drain.
  4796 | D:4      | Received a gift from Trog
  4810 | Sewer    | Entered a sewer
  4903 | Sewer    | Reached skill level 5 in Short Blades
  4936 | Sewer    | Reached skill level 5 in Stealth
  5776 | D:4      | Found a transporter.
  6034 | D:5      | Entered Level 5 of the Dungeon
  6102 | D:5      | Noticed Pikel
  6139 | D:5      | Killed Pikel
  6139 | D:5      | Reached skill level 6 in Stealth
  6139 | D:5      | Reached XP level 8. HP: 23/42 MP: 9/9
  6263 | D:5      | Killed Menkaure
  6578 | D:5      | Found a runed gate.
  6582 | D:5      | Found a runed gate.
  6582 | D:5      | Found a runed gate.
  6915 | D:5      | Noticed Fandomethor's ghost (novice MiFi)
  7072 | D:5      | Noticed Prince Ribbit
  7094 | D:5      | Killed Prince Ribbit
  7249 | D:5      | Reached skill level 7 in Stealth
  7335 | D:5      | Reached XP level 9. HP: 24/46 MP: 10/10
  7565 | D:6      | Found a staircase to the Ecumenical Temple.
  7570 | D:6      | You fall through a shaft for 3 floors!
  7608 | D:9      | Found a hazy altar of Hepliaklqana.
  7867 | D:7      | Reached skill level 5 in Fighting
  8004 | D:6      | Reached skill level 5 in Throwing
  8017 | D:6      | Reached skill level 8 in Stealth
  8108 | D:6      | Found a transporter.
  8110 | D:6      | Found a transporter.
  8170 | D:6      | Reached ***** piety under Trog
  9216 | Temple   | Entered the Ecumenical Temple
  9361 | D:7      | Received a gift from Trog
 10186 | D:8      | Reached skill level 9 in Stealth
 10186 | D:8      | Reached XP level 10. HP: 33/51 MP: 11/11
 10237 | D:8      | Received a gift from Trog
 10829 | D:9      | Found a runed door.
 10829 | D:9      | Noticed Fandomethor's ghost (novice DDFi)
 10867 | D:9      | Found a shadowy altar of Dithmenos.
 10884 | D:9      | Reached skill level 10 in Dodging
 11189 | D:9      | Received a gift from Trog
 11283 | D:9      | Found a snail-covered altar of Cheibriados.
 11484 | D:9      | Found a staircase to the Orcish Mines.
 11738 | D:9      | Reached skill level 10 in Stealth
 11830 | D:9      | Noticed a two-headed hydra
 11833 | D:9      | Killed a two-headed hydra
 12475 | D:9      | Received a gift from Trog
 12673 | D:10     | Entered Level 10 of the Dungeon
 13013 | D:10     | Noticed Grum
 13057 | D:10     | Killed Grum
 13057 | D:10     | Reached XP level 11. HP: 58/58 MP: 12/12
 13074 | D:10     | Reached skill level 5 in Shields
 13086 | D:10     | Noticed Nergalle
 13116 | D:10     | Killed Nergalle
 13141 | D:10     | Identified a scroll of acquirement
 13144 | D:10     | Got a steaming cloak
 13150 | D:10     | Identified the +0 cloak of the Lizard {*Corrode Str+3 SInv Stlth+} (You acquired it on level 10 of the Dungeon)
 13180 | D:10     | Noticed Psyche
 13186 | D:10     | Killed Psyche
 13738 | D:10     | Reached skill level 11 in Stealth
 14036 | D:10     | Noticed a deep elf mage
 14040 | D:10     | Killed a deep elf mage
 14559 | D:11     | Noticed Gastronok
 14591 | D:11     | Noticed Erolcha
 14594 | D:11     | Killed Erolcha
 15012 | D:11     | Killed Gastronok
 15070 | D:11     | Noticed Harold
 15077 | D:11     | Killed Harold
 15077 | D:11     | Reached skill level 12 in Stealth
 15132 | D:11     | Received a gift from Trog
 15389 | D:11     | Reached XP level 12. HP: 53/63 MP: 13/13
 15957 | D:11     | Found an iron altar of Okawaru.
 16784 | D:11     | Found a staircase to the Lair.
 16794 | Lair:1   | Entered Level 1 of the Lair of Beasts
 17807 | Lair:1   | Reached skill level 10 in Short Blades
 18162 | Lair:2   | Found a staircase to the Snake Pit.
 18888 | Lair:3   | Reached skill level 13 in Stealth
 18930 | Lair:3   | Noticed a six-headed hydra
 18941 | Lair:3   | Killed a six-headed hydra
 19056 | Lair:3   | Noticed a catoblepas
 19887 | Lair:3   | Killed a catoblepas
 20094 | Lair:4   | Reached XP level 13. HP: 64/68 MP: 4/14
 20437 | Lair:4   | Found a runed gate.
 20437 | Lair:4   | Found a runed gate.
 20437 | Lair:4   | Found a runed gate.
 20437 | Lair:4   | Noticed a death ooze
 20893 | Lair:3   | Received a gift from Trog
 21304 | Lair:4   | Found a staircase to the Swamp.
 21399 | Lair:4   | Noticed MummyMadness's ghost (journeyman GnSk)
 21401 | Lair:4   | Found a viscous altar of Jiyva.
 21979 | Lair:5   | Reached skill level 14 in Stealth
 22266 | Lair:5   | Found a runed gate.
 22266 | Lair:5   | Found a runed gate.
 22266 | Lair:5   | Found a runed gate.
 22267 | Lair:5   | Noticed Mictavius's ghost (journeyman MfSk)
 22348 | Lair:5   | Found a viscous altar of Jiyva.
 22348 | Lair:5   | Found a staircase to the Slime Pits.
 22399 | Lair:5   | Received a gift from Trog
 22652 | Lair:6   | Entered Level 6 of the Lair of Beasts
 22928 | Lair:6   | Received a gift from Trog
 23396 | Lair:6   | Reached skill level 10 in Throwing
 24013 | Lair:6   | Found a glowing silver altar of Zin.
 24175 | Lair:6   | Found a blossoming altar of Fedhas.
 24340 | Lair:6   | Reached skill level 15 in Stealth
 24721 | Lair:4   | Reached XP level 14. HP: 55/75 MP: 5/15
 25332 | Orc:1    | Entered Level 1 of the Orcish Mines
 25332 | Orc:1    | Found Kupaoky's General Store.
 25517 | Orc:1    | Found a roughly hewn altar of Beogh.
 25713 | Orc:1    | Bought a scroll of identify for 26 gold pieces
 25713 | Orc:1    | Bought a scroll of identify for 26 gold pieces
 25713 | Orc:1    | Bought a scroll of enchant armour for 97 gold pieces
 25713 | Orc:1    | Bought a ration for 65 gold pieces
 25713 | Orc:1    | Bought a ration for 65 gold pieces
 25713 | Orc:1    | Bought a ration for 65 gold pieces
 26382 | Orc:2    | Entered Level 2 of the Orcish Mines
 26607 | Orc:2    | Found a staircase to the Elven Halls.
 26679 | Orc:1    | Received a gift from Trog
 27018 | Orc:1    | Reached skill level 15 in Dodging
 27861 | Orc:2    | Noticed an orc warlord
 28041 | Orc:1    | Killed an orc warlord
 28579 | Orc:2    | Received a gift from Trog
 28609 | Orc:2    | Found Ulepaem's Food Boutique.
 28609 | Orc:2    | Found Geisuw Pogu's Jewellery Boutique.
 28615 | Orc:2    | Found Luiklenk's Armour Shop.
 28615 | Orc:2    | Found Okiof's Magic Scroll Shop.
 28915 | Orc:2    | Received a gift from Trog
 29010 | Orc:2    | Received a gift from Trog
 29070 | Orc:2    | Bought a scroll of enchant weapon for 105 gold pieces
 29072 | Orc:2    | Bought an uncursed amulet of regeneration for 390 gold pieces
 29517 | D:12     | Noticed Sonja
 29522 | D:12     | Killed Sonja
 30149 | D:12     | Noticed Urug
 30174 | D:12     | Killed Urug
 30174 | D:12     | Reached skill level 16 in Stealth
 30532 | D:13     | Noticed Frances
 30543 | D:13     | Killed Frances
 30747 | D:13     | Reached skill level 10 in Fighting
 31222 | D:13     | Found a runed gate.
 31223 | D:13     | Found a runed gate.
 31224 | D:13     | Found a runed gate.
 31286 | D:13     | Noticed Ycojonko's ghost (journeyman GnWn)
 31287 | D:13     | Found a roughly hewn altar of Beogh.
 31375 | D:14     | Found a gate to the Vaults.
 31375 | D:14     | Noticed Rupert
 31842 | D:14     | Reached XP level 15. HP: 47/80 MP: 5/16
 31848 | D:14     | Killed Rupert
 32004 | D:14     | Found a frozen archway.
 32073 | D:14     | Received a gift from Trog
 32128 | IceCv    | Entered an ice cave
 32176 | IceCv    | Received a gift from Trog
 32503 | IceCv    | Identified the +1 hat of Darkness {*Corrode rElec rC- Int+9 Dex+3} (You found it in an ice cave)
 32668 | IceCv    | Identified Kadghyemi's Arcane Secrets of Witchery
 32687 | IceCv    | Got a crude demon whip
 32688 | IceCv    | Identified the cursed +3 demon whip "Viakk" {pain, rF+ rN+ Dex+4} (You found it in an ice cave)
 32813 | D:14     | Reached skill level 1 in Armour
 33245 | D:14     | Received a gift from Trog
 33459 | D:15     | Entered Level 15 of the Dungeon
 33736 | D:15     | Received a gift from Trog
 34455 | D:15     | Received a gift from Trog
 34551 | D:15     | Found a staircase to the Depths.
 35360 | Snake:1  | Entered Level 1 of the Snake Pit
 35951 | Snake:1  | Reached XP level 16. HP: 68/87 MP: 5/17
 36976 | Snake:2  | Received a gift from Trog
 36976 | Snake:2  | Reached skill level 5 in Armour
 36979 | Snake:2  | Identified the +8 short sword of Feafek {pierce, rElec Dex+3} (Trog gifted it to you on level 2 of the Snake Pit)
 39008 | Snake:3  | Noticed Donald
 39188 | Snake:3  | Killed Donald
 39560 | Snake:3  | Received a gift from Trog
 39560 | Snake:3  | Reached skill level 17 in Stealth
 39942 | Snake:4  | Entered Level 4 of the Snake Pit
 40178 | Snake:4  | Received a gift from Trog
 40220 | Snake:4  | Noticed Vashnia
 40654 | Snake:4  | Identified the +2 short sword of Pasammi {pierce, Dex+4} (You found it on level 4 of the Snake Pit)
 41090 | Snake:4  | Reached XP level 17. HP: 26/93 MP: 6/18
 41988 | Snake:4  | Noticed Kirke
 42040 | Snake:4  | Killed Kirke
 43081 | Snake:4  | Killed Vashnia
 43081 | Snake:4  | Reached skill level 18 in Stealth
 43545 | Swamp:1  | Entered Level 1 of the Swamp
 44446 | Swamp:2  | Received a gift from Trog
 45129 | Orc:2    | Bought a scarf of repulsion for 180 gold pieces
 45417 | D:3      | Killed Mictavius's ghost
 45697 | D:5      | Killed Fandomethor's ghost
 45938 | D:9      | Killed Fandomethor's ghost
 46091 | D:13     | Killed Ycojonko's ghost
 46155 | D:13     | Identified the ring "Vuuqeass" {rElec MP+9 Str+3 Stlth+} (You took it off an orc on level 13 of the Dungeon)
 47011 | Lair:4   | Killed MummyMadness's ghost
 47122 | Lair:5   | Killed Mictavius's ghost
 47956 | Lair:6   | Received a gift from Trog
 48691 | Swamp:2  | Received a gift from Trog
 49422 | Swamp:3  | Reached XP level 18. HP: 99/99 MP: 9/19
 50377 | Swamp:4  | Entered Level 4 of the Swamp
 50534 | Swamp:4  | Reached skill level 10 in Armour
 51050 | Swamp:4  | Noticed the 27-headed Lernaean hydra
 51059 | Swamp:4  | Killed the 26-headed Lernaean hydra
 51263 | Swamp:4  | Received a gift from Trog
 51694 | Swamp:4  | Reached skill level 15 in Throwing
 51925 | Swamp:4  | Got a decaying rune of Zot
 52267 | Vaults:1 | Entered Level 1 of the Vaults
 52384 | Vaults:1 | Received a gift from Trog
 53460 | Vaults:1 | Found Tiwno's Book Boutique.
 53945 | Vaults:1 | Received a gift from Trog
 54549 | Vaults:1 | Received a gift from Trog
 56080 | Vaults:2 | Hit by a large rock thrown by a stone giant

Vault maps used:
D:1:      dpeg_arrival_signposts
D:2:      kennysheep_small_spiral, minmay_heptomino_h4
D:3:      nicolae_overflow_crystal_walls, minitemple,
          chequers_temple_overflow_statue_of_worship, gammafunk_ghost_arena,
          first_ration, kennysheep_generic_room_5, uniq_sigmund, uniq_robin
D:4:      gammafunk_cloud_chamber, portal_sewer_entry_f, st_stairs_8
D:5:      kennysheep_big_flooded_room, gammafunk_ghost_necromancy,
          uniq_menkaure, uniq_prince_ribbit1, uniq_pikel
D:6:      gammafunk_steamed_eel, temple_statues
D:9:      old_standard_altar, slow_altar_1, kennysheep_mini_moat,
          kennysheep_orc_monster_closet_entryway, gammafunk_ghost_grave,
          hangedman_ranch
D:10:     uniq_psyche, uniq_grum, uniq_nergalle
D:11:     erik_lair_dragon, basic_altar, uniq_erolcha, uniq_gastronok,
          uniq_harold
D:12:     kennysheep_decorative_pillar, uniq_urug, uniq_sonja
D:13:     biasface_ghost_orc_armoury, uniq_frances
D:14:     david_vaults_3, serial_bayou_shore_a,
          portal_ice_cave_entry_animals_and_master, st_stairs_12
D:15:     gammafunk_enter_depths_forms
Temple:   zaba_magenta_temple
Lair:1:   beast_lair_carwin_large_1
Lair:2:   guppyfry_snake_entry_garden
Lair:3:   columned_hall_lemuel, grunt_megastairs_5, infiniplex_staircase_pool_2
Lair:4:   minmay_swamp_entry_swarm, gammafunk_ghost_ooze, grunt_megastairs_2
Lair:5:   dpeg_slime_entry_enclosed_altar, ebering_ghost_rock_garden,
          beast_lair_carwin_7, serial_bayou_shore_b
Lair:6:   evilmike_catoblepas_cave, basic_altar, tgw_fedhas, lemuel_fruit_tree,
          infiniplex_staircase_pool
Swamp:1:  nicolae_swamp_little_tower
Swamp:2:  evilmike_swamp_ruin_rubble_2
Swamp:3:  evilmike_swamp_ruin_house_2
Swamp:4:  swamp_old_school
Snake:1:  grunt_megastairs_4
Snake:3:  nicolae_snake_serpentine_hallways, uniq_donald
Snake:4:  grunt_snake_rune_serpentine_throne, guppyfry_library_mini,
          uniq_saint_roka, uniq_kirke, uniq_vashnia
Orc:1:    minmay_goldmine, basic_altar, serial_shops, shop
Orc:2:    st_orc_mages, special_room
Vaults:1: nicolae_vaults_stairing_the_circle, v_misc_26, vaults_dpeg_spiral,
          ontoclasm_vaults_twist, nicolae_vaults_what_the_h,
          nicolae_vaults_network_periphery, v_rooms_4, grunt_vaults_trifunnel,
          ontoclasm_vaults_tryst, nicolae_vaults_little_ls, vaults_room_hallway,
          serial_shops, nicolae_shop_window_shopping
Vaults:2: minmay_crypt_entry_vampire_xt, nicolae_vaults_little_squares_4,
          hangedman_vaults_snaps, hangedman_vaults_maws, vaults_room_semicircle,
          vaults_room_pool, grunt_vaults_hallway_long, v_misc_16,
          nicolae_vaults_mini_display_case, nicolae_vaults_shelves_hall,
          nicolae_vaults_rhombus_6, nicolae_vaults_little_squares_3
Sewer:    sewer_co_15_rooms
IceCv:    ice_cave_small_demon

Skill      XL: |  1  2  3  4  5  6  7  8  9 10 11 12 13 14 15 16 17 18 |
---------------+-------------------------------------------------------+-----
Stealth        | 1 2 3 4 6 7 9 10 12 13 15 16 17 18 | 18.7
Throwing       | 1 2 3 4 5 6 7 9 10 11 12 13 14 15 | 15.8
Dodging        | 5 6 7 8 9 11 12 13 14 15 16 | 16.1
Short Blades   | 4 5 6 7 8 9 10 11 12 13 14 | 14.1
Fighting       | 3 4 5 6 7 8 9 10 11 12 13 | 13.3
Shields        | 1 2 3 4 5 6 7 |  7.2
Armour         | 4 7 9 11 | 11.1

Action                   |  1- 3 |  4- 6 |  7- 9 | 10-12 | 13-15 | 16-18 || total
-------------------------+-------+-------+-------+-------+-------+-------++-------
Melee: Short sword       |   145 |   148 |       |       |       |       ||   293
       Dagger            |       |   121 |   507 |   905 |   127 |       ||  1660
       Rapier            |       |       |       |   512 |  2875 |  3901 ||  7288
 Fire: Blowgun           |       |       |       |    23 |    68 |   186 ||   277
Throw: Stone             |    87 |       |       |       |       |       ||    87
       Tomahawk          |       |       |       |       |     3 |       ||     3
Invok: Berserk           |     1 |     4 |       |     5 |     9 |     6 ||    25
       Trog's Hand       |       |     1 |     1 |    11 |    10 |    17 ||    40
       Brothers in Arms  |       |       |       |     1 |     4 |    10 ||    15
Evoke: Wand              |       |     2 |     1 |    16 |     7 |    12 ||    38
  Use: Scroll            |       |     6 |     2 |     7 |    21 |    17 ||    53
       Potion            |       |       |       |       |     2 |     7 ||     9
 Stab: Sleeping          |     3 |     3 |    20 |    41 |    80 |    91 ||   238
       Distracted        |       |       |       |     7 |     9 |    20 ||    36
       Confused          |       |       |       |       |     2 |    12 ||    14
  Eat: Ration            |       |     4 |     2 |    12 |    17 |    23 ||    58
Armor: Animal skin       |    11 |     9 |     4 |       |       |       ||    24
       Robe              |       |       |    11 |    53 |    37 |       ||   101
       Troll leather arm |       |       |       |       |    47 |    33 ||    80
       Ice dragon scales |       |       |       |       |    15 |   266 ||   281
       Fire dragon scale |       |       |       |       |       |    41 ||    41
Dodge: Dodged            |   151 |   199 |   248 |   890 |  1674 |  2220 ||  5382
       Deflected         |       |       |       |       |       |     2 ||     2
Block: Buckler           |       |    61 |   103 |   424 |   843 |  1077 ||  2508

Table legend:
 A = Spawn XP
 B = Non-spawn XP
 C = Spawn XP percentage of total XP
 D = Spawn monster count
 E = Non-spawn monster count
 F = Spawn count percentage of total count
 G = Total turns spent on level
                    A         B        C        D         E        F      G
               +---------+---------+-------+---------+---------+-------+---------
         Total |       0 |  367845 |   0.0 |       0 |    1325 |   0.0 | 56080
               +---------+---------+-------+---------+---------+-------+---------
           D:1 |       0 |      62 |   0.0 |       0 |      31 |   0.0 |  1480
           D:2 |       0 |      81 |   0.0 |       0 |      26 |   0.0 |  1453
           D:3 |       0 |     754 |   0.0 |       0 |      54 |   0.0 |  1577
           D:4 |       0 |     664 |   0.0 |       0 |      18 |   0.0 |  1256
           D:5 |       0 |    2022 |   0.0 |       0 |      13 |   0.0 |  1871
           D:6 |       0 |     971 |   0.0 |       0 |      22 |   0.0 |  1249
           D:7 |       0 |    1224 |   0.0 |       0 |      22 |   0.0 |  1233
           D:8 |       0 |    1167 |   0.0 |       0 |      18 |   0.0 |   595
           D:9 |       0 |    5433 |   0.0 |       0 |      39 |   0.0 |  2169
          D:10 |       0 |    4840 |   0.0 |       0 |      40 |   0.0 |  2522
          D:11 |       0 |   12663 |   0.0 |       0 |      71 |   0.0 |  2371
          D:12 |       0 |    3953 |   0.0 |       0 |      27 |   0.0 |   786
          D:13 |       0 |   10120 |   0.0 |       0 |      46 |   0.0 |  1349
          D:14 |       0 |   21739 |   0.0 |       0 |      79 |   0.0 |  1414
          D:15 |       0 |   24343 |   0.0 |       0 |      59 |   0.0 |  1675
        Lair:1 |       0 |    3555 |   0.0 |       0 |      19 |   0.0 |  1545
        Lair:2 |       0 |    1353 |   0.0 |       0 |       8 |   0.0 |   956
        Lair:3 |       0 |   10524 |   0.0 |       0 |      37 |   0.0 |  2072
        Lair:4 |       0 |   13126 |   0.0 |       0 |      36 |   0.0 |  1787
        Lair:5 |       0 |    6306 |   0.0 |       0 |      22 |   0.0 |  1366
        Lair:6 |       0 |   24260 |   0.0 |       0 |      67 |   0.0 |  2860
       Swamp:1 |       0 |    6111 |   0.0 |       0 |      13 |   0.0 |   915
       Swamp:2 |       0 |   10863 |   0.0 |       0 |      32 |   0.0 |  1381
       Swamp:3 |       0 |   15495 |   0.0 |       0 |      31 |   0.0 |  1229
       Swamp:4 |       0 |   20342 |   0.0 |       0 |      35 |   0.0 |  1484
       Snake:1 |       0 |   15343 |   0.0 |       0 |      26 |   0.0 |  1518
       Snake:2 |       0 |   17612 |   0.0 |       0 |      36 |   0.0 |  1615
       Snake:3 |       0 |   18379 |   0.0 |       0 |      29 |   0.0 |  1518
       Snake:4 |       0 |   49767 |   0.0 |       0 |      80 |   0.0 |  3492
         Orc:1 |       0 |    8623 |   0.0 |       0 |      64 |   0.0 |  2440
         Orc:2 |       0 |    7790 |   0.0 |       0 |      92 |   0.0 |  1803
      Vaults:1 |       0 |   37478 |   0.0 |       0 |      74 |   0.0 |  3377
      Vaults:2 |       0 |    6458 |   0.0 |       0 |      16 |   0.0 |   436
         Sewer |       0 |     368 |   0.0 |       0 |      18 |   0.0 |   573
         IceCv |       0 |    4056 |   0.0 |       0 |      25 |   0.0 |   636
               +---------+---------+-------+---------+---------+-------+---------
